Map: Blackpink EC

Players

Watajok - Winner!

  • Race: Terran Terran
  • League: Platinum
  • Spawn Location: 7:00

YodaSpliff

  • Race: Zerg Zerg
  • League: Diamond
  • Spawn Location: 1:00

VOD

Have the link to the VOD?

Description

strong terran push

Time

  • Played on: April 14, 2018, 7:44 p.m.
  • Length: 8:54
Show
View Real Time Build Order
Export as new Build Order

Watajok Terran - Winner!

Build Orders:  

Get SALT Encoding   

  12  0:01  SCV  
  13  0:13  SCV  
  14  0:18  Supply Depot  
  14  0:25  SCV  
  15  0:40  SCV  
  15  0:41  Barracks  
  16  0:45  Refinery  
  16  0:52  SCV  
  17  0:57  Supply Depot  
  18  1:04  SCV  
  18  1:16  SCV  
  19  1:28  Marine  
  19  1:29  Orbital Command  
  20  1:36  Barracks  
  20  1:46  Marine  
  21  1:54  Refinery  
  21  1:56  SCV  
  22  2:12  SCV  
  22  2:15  Barracks Tech Lab  
  23  2:18  Factory  
  23  2:24  SCV, Supply Depot  
  23  2:25  Barracks Reactor  
  24  2:36  SCV  
  25  2:38  Marine  
  26  2:48  SCV  
  27  2:55  Supply Depot  
  27  3:08  Siege Tank  
  27  3:09  Barracks Reactor  
  27  3:11  Marine  
  31  3:23  Marine  
  31  3:28  Marine  
  31  3:33  Factory  
  32  3:41  Marine  
  32  3:45  Command Center  
  32  3:46  Marine, Siege Tank  
  37  4:05  Marine x2  
  37  4:07  Marine x2  
  41  4:10  Infernal Pre-Igniter  
  41  4:24  Cyclone  
  44  4:35  Hellion  
  44  4:37  Barracks Reactor  
  46  4:43  Supply Depot  
  46  4:49  Armory  
  46  4:57  Hellion  
  48  5:11  Cyclone  
  50  5:17  Marine x2  
  50  5:18  Marine x2  
  50  5:20  Hellion  
  50  5:21  Hellion  
  58  5:25  Orbital Command  
  58  5:32  SCV  
  59  5:47  Supply Depot  
  59  5:50  Marine  
  59  5:51  Marine x3  
  59  5:54  Hellion x2  
  67  6:05  SCV  
  67  6:10  Supply Depot  
  68  6:14  Supply Depot  
  68  6:16  Marine x4  
  72  6:26  Cyclone  
  72  6:28  Siege Tank  
  72  6:31  SCV  
  72  6:32  SCV  
  80  6:34  Marine  
  81  6:43  Marine x3  
  84  6:50  Supply Depot  
  84  6:51  Marine  
  84  7:12  Marine x2  
  86  7:17  Siege Tank  
  61  7:37  Marine x4  
  61  7:55  Marine x4  
  64  7:58  Siege Tank  
  64  8:00  Hellion x2  
  66  8:13  Marine  
  59  8:26  Marine x3  
Show
View Real Time Build Order
Export as new Build Order

YodaSpliff Zerg 

Build Orders: Pool First 

Get SALT Encoding   

  12  0:01  Drone  
  13  0:12  Overlord  
  13  0:18  Drone  
  14  0:31  Drone x2  
  14  0:34  Drone  
  17  0:46  Spawning Pool  
  17  0:49  Drone  
  17  0:56  Drone  
  18  1:15  Hatchery  
  17  1:20  Drone  
  17  1:25  Extractor  
  17  1:28  Overlord  
  17  1:35  Queen  
  19  1:46  Zergling x2  
  19  1:47  Zergling x2  
  21  1:54  Drone  
  22  2:11  Queen  
  24  2:17  Drone x2  
  26  2:26  Metabolic Boost  
  26  2:30  Drone x2  
  26  2:32  Queen  
  26  2:35  Overlord  
  30  2:40  Extractor  
  29  2:47  Baneling Nest  
  28  2:57  Drone x4  
  32  3:00  Drone  
  32  3:30  Drone x7  
  39  3:37  Lair  
  39  3:55  Hatchery  
  38  4:05  Drone x2  
  38  4:06  Drone, Zergling x4  
  38  4:07  Overlord x2  
  43  4:22  Evolution Chamber x2  
  41  4:25  Drone x2  
  41  4:26  Zergling x6  
  41  4:27  Zergling x2  
  47  4:52  Zergling x14  
  54  4:55  Zerg Melee Weapons Level 1  
  54  4:56  Zerg Ground Armor Level 1  
  54  4:57  Centrifical Hooks  
  54  5:25  Baneling  
  54  5:26  Baneling x6  
  54  5:35  Drone x10  
  64  5:42  Hydralisk Den  
  63  5:46  Drone x2  
  63  5:48  Overlord x3  
  65  5:53  Baneling  
  65  5:54  Baneling x6  
  65  5:58  Extractor  
  65  6:00  Extractor  
  63  6:36  Grooved Spines  
  63  6:38  Hydralisk x4  
  71  6:40  Overlord x4  
  71  6:41  Overlord, Zergling x2  
  71  6:42  Zergling x4  
  74  6:49  Extractor  
  74  6:52  Extractor  
  74  6:53  Drone x6  
  72  7:14  Baneling x10  
  72  7:15  Baneling x6  
  49  7:39  Zergling x14  
  56  7:56  Zergling x6  
  45  8:08  Zergling x4  
Tags
 
Add a new tag
Caveats
  • Supply blocks, unpowered buildings, or Contaminate may cause inaccurate times.
  • Supply counts are checked every 10 seconds.